 Dungeon Crawl Stone Soup version 0.31-a0-750-gfe7b580527 (webtiles) character file.

Game seed: 17158209898218513845

103 cforsyth the Trooper (level 5, -5/61 HPs)
             Began as a Djinni Delver on Sept 14, 2023.
             Killed by nerve-wracking pain
             ... invoked by an orc priest
              (9 damage)
             ... on level 5 of the Dungeon.
             The game lasted 00:02:07 (579 turns).

cforsyth the Trooper (Djinni Delver)                 Turns: 579, Time: 00:02:07

Health: -5/61      AC:  3    Str: 11    XL:     5   Next: 6%
Gold:   35         EV: 12    Int: 14    God:
                   SH:  0    Dex: 14

rFire   + + .        a - +0 falchion
rCold   x . .        (no shield)
rNeg    . . .        b - +0 leather armour
rPois   ∞            (no helmet)
rElec   .            (no cloak)
rCorr   .            (no gloves)
SInv    .            (boots unavailable)
Will    .....        (no amulet) Stlth
                     (no ring)
HPRegen 0.30/turn    (no ring)
MPRegen 0.00/turn

%: infuse magic (-6 HP)
@: berserking, flying, very quick
A: sickness immunity, fire resistance 2, cold vulnerability 1, float, innate
caster, HP casting, extra vitality 1
a: no special abilities


You were on level 5 of the Dungeon.
You visited 1 branch of the dungeon, and saw 1 of its levels.

You collected 35 gold pieces.

Inventory:

Hand Weapons
 a - a +0 falchion (weapon)
Armour
 b - a +0 leather armour (worn)
Jewellery
 i - the ring of Yvirrukk {rElec rN++ Str+2 Int+2 SInv}
   (You found it on level 5 of the Dungeon)

   [ring of see invisible]

   Str+2:     It affects your strength (+2).
   Int+2:     It affects your intelligence (+2).
   rElec:     It insulates you from electricity.
   rN++:      It greatly protects you from negative energy.
   SInv:      It lets you see invisible.
Wands
 g - a wand of digging (3)
Scrolls
 c - a scroll of fog
 d - a scroll of revelation
 h - a scroll of torment {unknown}
Potions
 f - a potion of haste
 j - a potion of berserk rage


   Skills:
 + Level 4.3 Fighting
 - Level 1.7 Long Blades
 - Level 2.1 Dodging
 - Level 4.1 Stealth
 + Level 2.0 Spellcasting
 + Level 2.0 Conjurations
 + Level 2.0 Hexes
   Level 0.0 Charms
 + Level 2.0 Summonings
 + Level 2.0 Necromancy
 + Level 2.0 Translocations
 + Level 2.0 Transmutations
 + Level 2.0 Fire Magic
 + Level 2.0 Ice Magic
 + Level 2.0 Air Magic
 + Level 2.0 Earth Magic
 + Level 2.0 Poison Magic


You knew the following spells:

 Your Spells              Type           Power      Damage    Failure   Level
a - Apportation           Tloc           14%        N/A       14%         1
b - Blink                 Tloc           14%        N/A       21%         2
Your spell library was empty.

Dungeon Overview and Level Annotations

Branches:
Dungeon (5/15)
 Temple: D:4-7

Altars:


Innate Abilities, Weirdness & Mutations

You are immune to sickness and miasma.
You are immune to poison.
Your flesh is very heat resistant. (rF++)
You are vulnerable to cold. (rC-)
You float through the air rather than walking.
You learn spells naturally, not from books.
Your magical power is your life essence.
You have superior vitality. (+4 MHP)


Message History

The adder closely misses you.
Your Spellcasting skill increases to level 2!
Your Conjurations skill increases to level 2!
Your Hexes skill increases to level 2!
Your Summonings skill increases to level 2!
Your Necromancy skill increases to level 2!
Your Translocations skill increases to level 2!
Your Transmutations skill increases to level 2!
Your Fire Magic skill increases to level 2!
Your Ice Magic skill increases to level 2!
Your Air Magic skill increases to level 2!
Your Earth Magic skill increases to level 2!
Your Poison Magic skill increases to level 2!
You miss the adder. The adder bites you.
* * * LOW HITPOINT WARNING * * *
The adder closely misses you.
You completely miss the adder. The adder bites you.
* * * LOW HITPOINT WARNING * * *
The adder misses you.
You hit the adder.
The adder is lightly wounded.
The adder barely misses you.
You hit the adder.
The adder is heavily wounded.
The adder closely misses you. The adder bites you.
* * * LOW HITPOINT WARNING * * *
You slash the adder!
You kill the adder!
You have reached level 5!
The power to cast Blink wells up from within.
Spell assigned to 'b'.
Cast which spell? (? or * to list)
Okay, then.
It was a potion of berserk rage.
A red film seems to cover your vision as you go berserk!
You feel yourself moving faster!
You feel mighty!
You feel a strong urge to attack something.
The orc priest invokes the aid of Beogh against you.
Pain shoots through your body!
You die...

#####################
#.....#.............#
#.....#..........>..#
#.....#.............#
#.....#............#
#.....#............#
#.....#.>.....@....+
#.....'.....o##[...#
#....##......#######
#....##'#######....+
#....##............#
#....##............#
..#..................#
..#..........o.##....#
..#............##....#


You could see an orc priest.

Vanquished Creatures
  A hound (D:5)
  A jelly (D:5)
  4 adders (D:5)
  2 orcs (D:5)
8 creatures vanquished.

Notes
Turn   | Place    | Note
-------+----------+-------------------------------------------
     0 | D:5      | cforsyth the Djinni Delver began the quest for the Orb.
     0 | D:5      | Reached XP level 1. HP: 20/20 MP: 0/0
    15 | D:5      | Noticed a jelly
    77 | D:5      | Reached XP level 2. HP: 11/25 MP: 0/0
   144 | D:5      | Identified the ring of Yvirrukk {rElec rN++ Str+2 Int+2
                  | SInv}
   181 | D:5      | Reached skill level 1 in Spellcasting
   181 | D:5      | Reached skill level 1 in Conjurations
   181 | D:5      | Reached skill level 1 in Hexes
   181 | D:5      | Reached skill level 1 in Summonings
   181 | D:5      | Reached skill level 1 in Necromancy
   181 | D:5      | Reached skill level 1 in Translocations
   181 | D:5      | Reached skill level 1 in Transmutations
   181 | D:5      | Reached skill level 1 in Fire Magic
   181 | D:5      | Reached skill level 1 in Ice Magic
   181 | D:5      | Reached skill level 1 in Air Magic
   181 | D:5      | Reached skill level 1 in Earth Magic
   181 | D:5      | Reached skill level 1 in Poison Magic
   181 | D:5      | Reached XP level 3. HP: 10/31 MP: 0/0
   181 | D:5      | Learned a level 1 spell: Apportation
   330 | D:5      | Reached XP level 4. HP: 36/37 MP: 0/0
   576 | D:5      | HP: 1/37 [adder (2)]
   578 | D:5      | Reached XP level 5. HP: 2/41 MP: 0/0
   578 | D:5      | Learned a level 2 spell: Blink
   579 | D:5      | Killed from afar by an orc priest

Illustrated notes

Levels and vault maps discovered:
D:5:      layout_gridville

Skill      XL: |  1  2  3  4 |
---------------+-------------+-----
Spellcasting   | 1 2 |  2.0
Conjurations   | 1 2 |  2.0
Hexes          | 1 2 |  2.0
Summonings     | 1 2 |  2.0
Necromancy     | 1 2 |  2.0
Translocations | 1 2 |  2.0
Transmutations | 1 2 |  2.0
Fire Magic     | 1 2 |  2.0
Ice Magic      | 1 2 |  2.0
Air Magic      | 1 2 |  2.0
Earth Magic    | 1 2 |  2.0
Poison Magic   | 1 2 |  2.0
Fighting       | 4 |  4.3
Long Blades    | |  1.7
Dodging        | |  2.1
Stealth        | |  4.1

Action                     |  1- 3 |  4- 6 || total
---------------------------+-------+-------++-------
  Melee: Falchion          |    21 |    28 ||    49
    Use: Scroll            |       |     1 ||     1
         Potion            |       |     1 ||     1
   Stab: Sleeping          |     1 |     1 ||     2
 Armour: Leather armour    |    16 |    25 ||    41
  Dodge: Dodged            |    17 |    28 ||    45

Table legend: (Time is in decaauts)
 A = Elapsed time spent in this place.
 B = Non-inter-level travel time spent in this place.
 C = Inter-level travel time spent in this place.
 D = Time resting spent in this place.
 E = Time spent auto-exploring this place.
 F = Levels seen in this place.
 G = Mean time per level.
                   A        B        C        D        E       F      G
               +--------+--------+--------+--------+--------+-----+--------+
         Total |    589 |    589 |      0 |      0 |    375 |   1 |  589.0 |
       Dungeon |    589 |    589 |      0 |      0 |    375 |   1 |  589.0 |
               +--------+--------+--------+--------+--------+-----+--------+

Top non-repeatable levels by time:
     D:5: 589 daAuts
